 Dungeon Crawl Stone Soup version 0.16-a0-286-g6bac339 (webtiles) character file.

7399 Kashira the Cloud Mage (level 11, -6/56 HPs)
             Began as a Tengu Air Elementalist on Aug 28, 2014.
             Was a Priest of Qazlal.
             Mangled by a cyan ugly thing (12 damage)
             ... on Level 11 of the Dungeon.
             The game lasted 02:04:45 (13602 turns).

Kashira the Cloud Mage (Tengu Air Elementalist)    Turns: 13602, Time: 02:04:45

HP  -6/56        AC  6     Str  8      XL: 11   Next: 14%
MP   4/29        EV 18     Int 20      God: Qazlal [***...]
Gold 476         SH  4     Dex 13 (16) Spells:  8 memorised,  6 levels left

rFire  . . .     SeeInvis .     N - +4 great sword
rCold  + . .     Clarity  .     O - +0 robe
rNeg   + . .     rCorr    .     (no shield)
rPois  .         rRot     .     U - +0 hat
rElec  .         Spirit   .     I - +2 cloak
SustAb .         Warding  +     B - +0 pair of gloves
rMut   .         Stasis   .     (boots unavailable)
Gourm  .                        y - amulet of warding
MR     .....                    x - +3 ring of evasion
                                n - ring of protection from cold

@: not resistant to hostile enchantments, unstealthy
A: able to fly, beak, talons 3, blurry vision 2, clever 1
a: Fly, Upheaval, Elemental Force, Renounce Religion


You were on level 11 of the Dungeon.
You worshipped Qazlal.
Qazlal was most pleased with you.
You were very hungry.

You visited 1 branch of the dungeon, and saw 11 of its levels.
You also visited: Sewer.

You collected 591 gold pieces.
You spent 115 gold pieces at shops.

Inventory:

Hand weapons
 N - a +4 great sword (weapon)
 V - a cursed -3 blowgun
Missiles
 o - 2 javelins of penetration
 v - 14 tomahawks (quivered)
 D - 47 poisoned needles
 E - 19 arrows
Armour
 r - a +1 leather armour of cold resistance
 B - a +0 pair of gloves (worn)
 I - a +2 cloak (worn)
 O - a +0 robe (worn)
 P - a cursed +2 robe of fire resistance
 U - a +0 hat (worn)
Magical devices
 a - a wand of teleportation (7) {unknown}
 q - a wand of heal wounds (5) {unknown}
 A - a wand of confusion (11)
 J - a wand of flame (21)
Comestibles
 c - 5 bread rations
 f - 5 meat rations
 k - a chunk of iguana flesh
 K - 11 slices of pizza
Scrolls
 d - a scroll of magic mapping
 g - a scroll of teleportation
 i - a scroll of recharging
 j - 4 scrolls of identify
 s - a scroll of amnesia {unknown}
 t - a scroll of blinking {unknown}
 u - a scroll of enchant armour {unknown}
 M - 3 scrolls of remove curse
 Z - a scroll of fear {unknown}
Jewellery
 n - a ring of protection from cold (left hand)
 x - a +3 ring of evasion (right hand)
 y - an amulet of warding (around neck)
 F - an uncursed ring of stealth {unknown}
 L - an uncursed ring of protection from magic {unknown}
 W - an uncursed ring of protection from cold
Potions
 h - a potion of haste
 l - 2 potions of mutation
 m - a potion of resistance
 p - 2 potions of flight
 w - 4 potions of restore abilities
Books
 b - a book of Air

   Spells                             Type                      Level
   *Shock                             Conjuration/Air              1
   *Swiftness                         Charms/Air                   2
   *Repel Missiles                    Charms/Air                   2
   Flight                             Charms/Air                   3
   Static Discharge                   Conjuration/Air              3
   *Lightning Bolt                    Conjuration/Air              5
 e - a book of Changes

   Spells                             Type                      Level
   Beastly Appendage                  Transmutation                1
   Sticks to Snakes                   Transmutation                2
   Spider Form                        Transmutation/Poison         3
   Ice Form                           Ice/Transmutation            4
   Blade Hands                        Transmutation                5
 H - a book of Wizardry

   Spells                             Type                      Level
   Agony                              Necromancy                   5
   *Force Lance                       Conjuration                  5
   Dispersal                          Translocation                6
   Haste                              Charms                       6
   Invisibility                       Hexes                        6
   Spellforged Servitor               Conjuration/Summoning        7
 T - a Young Poisoner's Handbook

   Spells                             Type                      Level
   *Sting                             Conjuration/Poison           1
   *Cure Poison                       Poison                       2
   *Mephitic Cloud                    Conjuration/Poison/Air       3
   Olgreb's Toxic Radiance            Poison                       4
   Venom Bolt                         Conjuration/Poison           5
Miscellaneous
 C - a plain deck of war


   Skills:
 + Level 1.5 Fighting
 + Level 1.2 Long Blades
 + Level 1.6 Throwing
 + Level 5.7 Dodging
 + Level 3.5 Stealth
 + Level 0.2 Unarmed Combat
 + Level 8.9 Spellcasting
 + Level 10.8 Conjurations
 + Level 11.9 Air Magic
 + Level 2.1 Poison Magic
 + Level 1.1 Invocations


You had 6 spell levels left.
You knew the following spells:

 Your Spells              Type           Power        Failure   Level  Hunger
a - Shock                 Conj/Air       ####         1%          1    None
b - Swiftness             Chrm/Air       ####....     1%          2    None
c - Repel Missiles        Chrm/Air       ####..       1%          2    None
d - Sting                 Conj/Pois      ####         1%          1    None
e - Force Lance           Conj           ######..     2%          5    ####...
f - Mephitic Cloud        Conj/Pois/Air  #####...     1%          3    None
g - Cure Poison           Pois           ###.......   6%          2    None
h - Lightning Bolt        Conj/Air       ######....   1%          5    ####...


Dungeon Overview and Level Annotations

Branches:
Dungeon (11/15)              Lair (0/8) D:11
 Temple: D:4-7          Orc: D:9-12

Altars:
Ashenzari
Elyvilon
Gozag
Nemelex Xobeh
Qazlal
The Shining One

Shops:
D:4 }   D:6 (

Annotations:
D:9 Erolcha


Innate Abilities, Weirdness & Mutations

You can fly.
You have a beak for a mouth.
You have claws for feet.
Your vision is quite blurry.
Your mind is acute. (Int +2)


Message History

Use which ability? (? or * to list)
You don't have enough magic at the moment.
There is an open door here.
Unknown command.
A cyan ugly thing is nearby!
Unknown command.
The cyan ugly thing completely misses you.
You slash the cyan ugly thing! Your kick misses the cyan ugly thing.
The cyan ugly thing is lightly wounded.
The cyan ugly thing tail-slaps you! The cyan ugly thing shocks you!
Unknown command.
Read which item? (? for menu, Esc to quit)
The writing blurs in front of your eyes.
The cyan ugly thing tail-slaps you! The cyan ugly thing shocks you!
* * * LOW HITPOINT WARNING * * *
Drink which item? (? for menu, Esc to quit)
You feel better. The cyan ugly thing tail-slaps you!
* * * LOW HITPOINT WARNING * * *
The cyan ugly thing shocks you!
You die...

#.....# #...
#.....#### #...
#.....'..# #...
#.....##.#####...
#.....##.........
#.....########...
#.....# #...
###'#### #...
#@..# ##.. ##u###
####. ##..#
...... #..##
......
##'########
......
#.........# .....
#..^......# ....(
#.........# ###
.....
#.........#...'.
....


You could see a cyan ugly thing.

Vanquished Creatures
  A cyclops (D:11)
  A gargoyle (D:10)
  3 blink frogs (D:11)
  A shadow (D:11)
  A wyvern (D:10)
  3 hungry ghosts
  Grum (D:10)
  A human (D:9)
  7 yaks
  2 water moccasins
  2 wolves (D:10)
  2 ice beasts
  3 phantoms
  A sky beast (D:10)
  A black bear (D:10)
  2 ogres
  3 orc warriors
  2 necrophages
  A big kobold (Sewer)
  A crocodile (D:11)
  2 centaurs (D:8)
  3 giant frogs
  A cyclops zombie (D:11)
  2 scorpions
  2 eyes of draining
  5 killer bees (D:7)
  10 wights
  2 crimson imps
  A giant frog zombie (D:9)
  3 iguanas
  A gnoll shaman (D:6)
  7 jellies
  6 orc wizards
  5 hounds
  An elf skeleton (D:8)
  3 worker ants
  An ogre skeleton (D:6)
  A hound zombie (D:11)
  A mummy (D:11)
  A worker ant zombie (D:6)
  6 gnolls (D:6)
  15 adders
  An orc zombie (D:8)
  3 shadow imps
  2 worms
  A giant mite (D:3)
  An adder zombie (D:5)
  4 giant geckos
  3 oozes
  32 orcs
  6 giant cockroaches
  8 goblins
  8 hobgoblins
  7 jackals
  2 ball pythons
  13 bats
  A giant gecko skeleton (D:4)
  A giant gecko zombie (D:7)
  A giant newt (D:3)
  A giant newt zombie (D:5)
  13 kobolds
  An orc skeleton (D:4)
  2 quokkas
  17 rats
246 creatures vanquished.

Vanquished Creatures (others)
  A water elemental (D:9)
1 creature vanquished.

Grand Total: 247 creatures vanquished

Notes
Turn   | Place    | Note
--------------------------------------------------------------
     0 | D:1      | Kashira, the Tengu Air Elementalist, began the quest for the Orb.
     0 | D:1      | Reached XP level 1. HP: 10/10 MP: 3/3
   544 | D:1      | Reached XP level 2. HP: 13/15 MP: 0/5
  1450 | D:2      | Reached XP level 3. HP: 19/19 MP: 3/7
  2027 | D:3      | Reached skill level 5 in Air Magic
  2027 | D:3      | Reached XP level 4. HP: 21/24 MP: 1/9
  2679 | D:3      | Reached XP level 5. HP: 28/28 MP: 2/11
  3008 | D:3      | Found a stormy altar of Qazlal.
  3015 | D:3      | Became a worshipper of Qazlal Stormbringer
  3119 | D:3      | Found a glowing golden altar of the Shining One.
  3257 | D:4      | Found Gigiaplicho's Gadget Shoppe.
  3261 | D:4      | Bought a wand of confusion (12) for 115 gold pieces
  3429 | D:4      | Found a sparkling altar of Nemelex Xobeh.
  3465 | D:4      | Found a glowing drain.
  3473 | Sewer    | Entered a sewer
  3475 | Sewer    | Reached XP level 6. HP: 32/32 MP: 10/14
  3531 | Sewer    | Acquired Qazlal's first power
  3539 | Sewer    | Reached skill level 6 in Air Magic
  4003 | Sewer    | Found a white marble altar of Elyvilon.
  4453 | D:5      | Entered Level 5 of the Dungeon
  4476 | D:5      | Learned a level 2 spell: Swiftness
  4479 | D:5      | Learned a level 2 spell: Repel Missiles
  4884 | D:5      | Reached XP level 7. HP: 19/36 MP: 11/17
  5061 | D:5      | Reached skill level 5 in Conjurations
  5079 | D:5      | Reached skill level 7 in Air Magic
  5703 | D:6      | Found an opulent altar of Gozag.
  5989 | D:6      | Found Thoah's Antique Weapon Boutique.
  6266 | D:6      | Reached XP level 8. HP: 42/42 MP: 14/20
  6515 | D:6      | Acquired Qazlal's second power
  6515 | D:6      | Reached skill level 8 in Air Magic
  6578 | D:6      | Reached skill level 5 in Spellcasting
  6674 | D:7      | Found a white marble altar of Elyvilon.
  6806 | D:7      | Reached skill level 1 in Fighting
  6927 | D:7      | Reached XP level 9. HP: 30/47 MP: 13/23
  7378 | D:7      | Reached skill level 9 in Air Magic
  8085 | D:8      | Gained mutation: Your vision is a little blurry. [potion of mutation]
  8085 | D:8      | Gained mutation: Your mind is acute. (Int +2) [potion of mutation]
  8085 | D:8      | Gained mutation: Your vision is quite blurry. [potion of mutation]
  8568 | D:9      | Noticed a skeletal warrior
  8570 | D:9      | Noticed a skeletal warrior
  8572 | D:9      | Noticed a skeletal warrior
  8573 | D:9      | Noticed a skeletal warrior
  8705 | D:9      | Reached skill level 10 in Air Magic
  9050 | D:9      | Learned a level 1 spell: Sting
  9056 | D:9      | Learned a level 5 spell: Force Lance
  9060 | D:9      | Learned a level 3 spell: Mephitic Cloud
  9063 | D:9      | Learned a level 2 spell: Cure Poison
  9069 | D:9      | Learned a level 5 spell: Lightning Bolt
  9106 | D:9      | Found a shattered altar of Ashenzari.
  9112 | D:9      | Reached skill level 5 in Dodging
  9160 | D:9      | Acquired Qazlal's third power
  9355 | D:9      | Reached skill level 1 in Long Blades
  9895 | D:9      | Reached XP level 10. HP: 47/52 MP: 3/26
 10096 | D:9      | Noticed Erolcha
 10101 | D:9      | Paralysed by Erolcha for 2 turns
 10113 | D:10     | Entered Level 10 of the Dungeon
 10125 | D:10     | Noticed Grum
 10140 | D:10     | Killed Grum
 10694 | D:10     | Reached skill level 1 in Poison Magic
 11306 | D:11     | Reached skill level 1 in Invocations
 11308 | D:11     | Reached skill level 11 in Air Magic
 11481 | D:11     | Reached skill level 10 in Conjurations
 12626 | D:11     | Noticed a cyclops
 12631 | D:11     | Killed a cyclops
 12850 | D:11     | Reached skill level 1 in Throwing
 12850 | D:11     | Reached XP level 11. HP: 56/56 MP: 3/29
 13128 | D:11     | Found a staircase to the Lair.
 13579 | D:11     | Noticed a cyan ugly thing
 13602 | D:11     | Mangled by a cyan ugly thing

Action                   |  1- 3 |  4- 6 |  7- 9 | 10-12 || total
-------------------------+-------+-------+-------+-------++-------
Melee: Unarmed           |     6 |       |       |       ||     6
       Short sword       |     7 |       |       |       ||     7
       Dagger            |     8 |     7 |    10 |       ||    25
       Great sword       |       |       |    21 |    15 ||    36
Throw: Stone             |     5 |       |       |       ||     5
       Tomahawk          |       |       |       |    19 ||    19
       Javelin           |       |       |       |     2 ||     2
 Cast: Shock             |    73 |   173 |   327 |   226 ||   799
       Lightning Bolt    |       |       |     7 |     2 ||     9
       Sting             |       |       |     6 |     9 ||    15
       Force Lance       |       |       |     5 |    39 ||    44
       Mephitic Cloud    |       |       |     4 |    40 ||    44
Invok: Elemental Force   |       |       |     1 |     2 ||     3
 Abil: Fly               |       |     1 |       |       ||     1
Evoke: Wand              |       |       |       |     2 ||     2
  Use: Scroll            |       |     4 |     4 |     6 ||    14
       Potion            |       |       |    11 |     5 ||    16
  Eat: Chunk             |     4 |     9 |     9 |    15 ||    37
       Bread ration      |       |       |     2 |     1 ||     3
       Meat ration       |       |       |     1 |       ||     1
